 Dungeon Crawl Stone Soup version 0.31-a0-521-gc7390f8997 (console) character file.

Game seed: 15612673317496966811

14617 jejorda2 the Cleaver (level 12, -9/97 HPs)
             Began as a Gnoll Berserker on Aug 10, 2023.
             Was a Priest of Trog.
             Mangled by a cyan ugly thing (17 damage)
             ... on level 12 of the Dungeon.
             The game lasted 00:24:42 (11665 turns).

jejorda2 the Cleaver (Gnoll Berserker)             Turns: 11665, Time: 00:24:43

Health: -9/97      AC: 22    Str: 23    XL:     12   Next: 18%
Magic:  22/22      EV: 10    Int:  6    God:    Trog [***...]
Gold:   667        SH:  8    Dex: 14    Spells: 25/25 levels left

rFire   + . .        a - +2 hand axe (freeze)
rCold   . . .        D - +2 buckler
rNeg    . . .        g - +0 plate armour
rPois   +            C - +2 helmet
rElec   .            c - +0 cloak
rCorr   +            l - +2 pair of gloves {Str+3}
SInv    .            m - -1 pair of boots "Hes Cut" {Slay+3}
Will    .....        i - amulet of faith Stlth
                     s - ring of resist corrosion
HPRegen 0.36/turn    A - ring of Linearity {rPois rF+}
MPRegen 0.18/turn

%: faith
@: mighty, on berserk cooldown, hasted and slowed
A: fangs 1, strong nose, distributed training
a: Renounce Religion, Berserk, Trog's Hand


You were on level 12 of the Dungeon.
You worshipped Trog.
Trog was most pleased with you.
You visited 1 branch of the dungeon, and saw 12 of its levels.
You also visited: Sewer.

You collected 667 gold pieces.

Inventory:

Hand Weapons
 a - a +2 hand axe of freezing (weapon)
 b - a +1 whip of electrocution
 E - a +3 flail
Missiles
 f - 18 boomerangs
 k - 38 poisoned darts (quivered)
 p - 7 curare-tipped darts
Armour
 c - a +0 cloak (worn)
 g - a +0 plate armour (worn)
 l - a +2 pair of gloves of strength (worn)
 m - the -1 pair of boots "Hes Cut" (worn) {Slay+3}
   (You found it on level 3 of the Dungeon)

   Slay+3:    It affects your accuracy & damage with ranged weapons and melee
   (+3).
 y - a +2 scale mail of cold resistance
 C - a +2 helmet (worn)
 D - a +2 buckler (worn)
Jewellery
 i - an amulet of faith (around neck)
 s - a ring of resist corrosion (left hand)
 A - the ring of Linearity (right hand) {rPois rF+}
   (You found it on level 9 of the Dungeon)

   [ring of poison resistance]

   rF+:       It protects you from fire.
   rPois:     It protects you from poison
Wands
 v - a wand of roots (4)
Scrolls
 d - 4 scrolls of teleportation
 h - a scroll of immolation
 x - 2 scrolls of enchant weapon
 G - a scroll of blinking
Potions
 n - 4 potions of ambrosia
 o - a potion of curing {unknown}
 q - 3 potions of heal wounds
 r - 2 potions of mutation
 t - a potion of resistance {unknown}
 u - a potion of invisibility {unknown}
 w - a potion of magic {unknown}
 z - 3 potions of lignification
 B - a potion of cancellation {unknown}
 F - a potion of berserk rage {unknown}


   Skills:
 + Level 9.8 Fighting
 + Level 7.1 Short Blades
 + Level 7.1 Long Blades
 + Level 9.8 Axes
 + Level 7.1 Maces & Flails
 + Level 7.1 Polearms
 + Level 7.1 Staves
 + Level 7.1 Ranged Weapons
 + Level 7.1 Throwing
 + Level 8.6 Armour
 + Level 8.6 Dodging
 + Level 7.1 Stealth
 + Level 7.1 Shields
 + Level 7.1 Unarmed Combat
 + Level 7.1 Spellcasting
 + Level 5.9 Conjurations
 + Level 5.9 Hexes
 + Level 5.9 Summonings
 + Level 5.9 Necromancy
 + Level 5.9 Translocations
 + Level 5.9 Transmutations
 + Level 5.9 Fire Magic
 + Level 5.9 Ice Magic
 + Level 5.9 Air Magic
 + Level 5.9 Earth Magic
 + Level 5.9 Poison Magic
 + Level 7.8 Invocations
 + Level 7.1 Evocations
 + Level 5.9 Shapeshifting


You had 25 spell levels left.
You didn't know any spells.
Your spell library was empty.

Dungeon Overview and Level Annotations

Branches:
Dungeon (12/15)            Temple (0/1) D:5            Lair (0/5) D:11
    Orc (0/2) D:12          Sewer (visited)

Altars:
Ashenzari
Elyvilon
Gozag
Hepliaklqana
Kikubaaqudgha
Nemelex Xobeh
Ru
Vehumet
Wu Jian

Shops:
D:7 [


Innate Abilities, Weirdness & Mutations

You have very sharp teeth.
Your uncanny sense of smell can sniff out nearby items.
Your experience applies equally to all skills.


Message History

Your polar bear's corpse disappears in a puff of smoke!
The cyan ugly thing tentacle-slaps you! The cyan ugly thing shocks you!
The cyan ugly thing tentacle-slaps you but does no damage.
You feel very mighty all of a sudden.
The red ugly thing basks in the mutagenic energy from its kin and changes!
The cyan ugly thing basks in the mutagenic energy from its kin and changes!
You feel yourself speed up.
You slash the red ugly thing! You freeze the red ugly thing.
The red ugly thing is heavily wounded.
The red ugly thing engulfs you!
You are engulfed in flames!
You resist.
You barely miss the red ugly thing.
The red ugly thing is heavily wounded.
The red ugly thing engulfs you.
You are engulfed in flames!
You resist.
* * * LOW HITPOINT WARNING * * *
You closely miss the red ugly thing.
The red ugly thing is heavily wounded.
The red ugly thing barely misses you.
You slash the red ugly thing! You freeze the red ugly thing.
Your bite misses the red ugly thing.
The red ugly thing is severely wounded.
You slice the red ugly thing!! You freeze the red ugly thing!
You kill the red ugly thing!
Trog accepts your kill.
You slash the cyan ugly thing! You freeze the cyan ugly thing.
The cyan ugly thing is moderately wounded.
The cyan ugly thing barely misses you.
You hit the cyan ugly thing. You freeze the cyan ugly thing.
The cyan ugly thing is heavily wounded.
You slash the cyan ugly thing! You freeze the cyan ugly thing.
The cyan ugly thing is severely wounded.
The cyan ugly thing gores you.
* * * LOW HITPOINT WARNING * * *
The cyan ugly thing shocks you!
* * * LOW HITPOINT WARNING * * *
You closely miss the cyan ugly thing.
The cyan ugly thing is severely wounded.
The cyan ugly thing gores you.
* * * LOW HITPOINT WARNING * * *
The cyan ugly thing shocks you!
You die...

.##... ........
..... ..#.#
#....... .....
....# #.....###....
##..####...........
#..#.#..........#
.#.....#........##
.......#.........##
..................#
..###.........##@.#
.. ∆####...####u#.#
.. ∆ #####


TW# .# .. .gTQ .# . ...#T .# ## .. .# #. .. #. #. You could see a cyan ugly
thing, a tengu warrior, 3 trolls, a gnoll sergeant and a shadow.

Vanquished Creatures
  Josephine (D:10)
  2 two-headed ogres
  The ghost of SirDiesAlot the Sneak, a novice OpSh of Jiyva (D:9)
  An ugly thing (D:12)
  4 manticores
  A cyclops (D:12)
  2 gargoyles
  An unseen horror (D:9)
  Psyche (D:9)
  4 kobold demonologists
  4 trolls
  A shadow (D:9)
  8 yaks
  4 wraiths
  A steam dragon (D:7)
  The ghost of MisterAzrael the Insei, an amateur OpSh of Makhleb (D:4)
  4 vampire mosquitoes (D:12)
  4 water moccasins
  An acid dragon (D:9)
  2 ice beasts
  4 black bears
  A sky beast (D:7)
  2 orc warriors (D:8)
  An ogre (D:5)
  3 centaurs
  5 kobold brigands
  3 gnoll sergeants
  2 bullfrogs
  3 wights (D:9)
  3 killer bees (D:9)
  An electric eel (D:7)
  4 howler monkeys (D:7)
  4 jellies
  5 hounds
  5 orc priests
  2 iguanas
  Terence (D:3)
  A sleepcap (D:6)
  Natasha (twice) (D:3)
  8 orc wizards
  18 gnolls
  8 adders
  A river rat (Sewer)
  A shadow imp (D:6)
  3 white imps
  2 ufetubi (D:5)
  2 worms (D:5)
  2 dart slugs
  31 orcs
  14 ball pythons
  7 endoplasms
  2 giant cockroaches
  6 hobgoblins
  5 jackals
  23 kobolds
  3 quokkas
  4 bats
  6 frilled lizards
  6 goblins
  17 rats
269 creatures vanquished.

Vanquished Creatures (collateral kills)
  A wraith (D:12)
  2 bullfrogs (D:11)
  A kobold brigand (D:8)
  A scorpion (D:11)
  A gnoll sergeant (D:8)
  3 gnolls (D:8)
  A kobold (D:8)
10 creatures vanquished.

Grand Total: 279 creatures vanquished

Notes
Turn   | Place    | Note
-------+----------+-------------------------------------------
     0 | D:1      | jejorda2 the Gnoll Berserker began the quest for the Orb.
     0 | D:1      | Reached XP level 1. HP: 23/23 MP: 1/1
   125 | D:1      | Reached XP level 2. HP: 26/29 MP: 2/2
   264 | D:1      | Reached ** piety under Trog
   301 | D:1      | Reached XP level 3. HP: 30/35 MP: 3/3
   478 | D:1      | Reached skill level 1 in Invocations
   946 | D:2      | Reached skill level 1 in Short Blades
   946 | D:2      | Reached skill level 1 in Long Blades
   946 | D:2      | Reached skill level 1 in Maces & Flails
   946 | D:2      | Reached skill level 1 in Polearms
   946 | D:2      | Reached skill level 1 in Staves
   946 | D:2      | Reached skill level 1 in Ranged Weapons
   946 | D:2      | Reached skill level 1 in Throwing
   946 | D:2      | Reached skill level 1 in Stealth
   946 | D:2      | Reached skill level 1 in Shields
   946 | D:2      | Reached skill level 1 in Unarmed Combat
   946 | D:2      | Reached skill level 1 in Spellcasting
   946 | D:2      | Reached skill level 1 in Evocations
   948 | D:2      | Reached XP level 4. HP: 41/41 MP: 5/5
  1313 | D:3      | Reached skill level 1 in Conjurations
  1313 | D:3      | Reached skill level 1 in Hexes
  1313 | D:3      | Reached skill level 1 in Summonings
  1313 | D:3      | Reached skill level 1 in Necromancy
  1313 | D:3      | Reached skill level 1 in Translocations
  1313 | D:3      | Reached skill level 1 in Transmutations
  1313 | D:3      | Reached skill level 1 in Fire Magic
  1313 | D:3      | Reached skill level 1 in Ice Magic
  1313 | D:3      | Reached skill level 1 in Air Magic
  1313 | D:3      | Reached skill level 1 in Earth Magic
  1313 | D:3      | Reached skill level 1 in Poison Magic
  1313 | D:3      | Reached skill level 1 in Shapeshifting
  1376 | D:3      | Noticed Natasha
  1394 | D:3      | Killed Natasha
  1396 | D:3      | Reached XP level 5. HP: 24/47 MP: 5/7
  1506 | D:3      | Noticed Terence
  1514 | D:3      | Killed Terence
  1661 | D:3      | Reached XP level 6. HP: 53/53 MP: 8/8
  1708 | D:3      | Identified the -1 pair of boots "Hes Cut" {Slay+3}
  2020 | D:3      | Noticed Natasha
  2031 | D:3      | Killed Natasha
  2234 | D:4      | Reached skill level 5 in Armour
  2234 | D:4      | Reached skill level 5 in Dodging
  2501 | D:4      | Found a runed translucent gate.
  2502 | D:4      | Found a runed translucent gate.
  2503 | D:4      | Found a runed translucent gate.
  2505 | D:4      | Noticed MisterAzrael's ghost (amateur OpSh)
  2522 | D:4      | Killed MisterAzrael's ghost
  2611 | D:4      | Reached XP level 7. HP: 59/59 MP: 10/10
  2743 | D:5      | Entered Level 5 of the Dungeon
  2814 | D:5      | Found a glowing drain.
  2889 | Sewer    | Entered a sewer
  2933 | Sewer    | Reached *** piety under Trog
  3268 | Sewer    | Reached XP level 8. HP: 67/67 MP: 12/12
  3302 | Sewer    | Found a viscous altar of Jiyva.
  3402 | D:5      | Found a staircase to the Ecumenical Temple.
  4674 | D:6      | Found a hazy altar of Hepliaklqana.
  5393 | D:7      | Found Giug's Antique Armour Shoppe.
  5405 | D:7      | Reached XP level 9. HP: 73/73 MP: 14/14
  5605 | D:7      | Found a sacrificial altar of Ru.
  6148 | D:7      | Found a white marble altar of Elyvilon.
  6287 | D:8      | Reached **** piety under Trog
  6743 | D:8      | Found an opulent altar of Gozag.
  6770 | D:8      | Reached skill level 5 in Invocations
  7181 | D:8      | Found a radiant altar of Vehumet.
  7428 | D:9      | Noticed a two-headed ogre
  7438 | D:9      | Killed a two-headed ogre
  7439 | D:9      | Reached skill level 5 in Short Blades
  7439 | D:9      | Reached skill level 5 in Long Blades
  7439 | D:9      | Reached skill level 5 in Maces & Flails
  7439 | D:9      | Reached skill level 5 in Polearms
  7439 | D:9      | Reached skill level 5 in Staves
  7439 | D:9      | Reached skill level 5 in Ranged Weapons
  7439 | D:9      | Reached skill level 5 in Throwing
  7439 | D:9      | Reached skill level 5 in Stealth
  7439 | D:9      | Reached skill level 5 in Shields
  7439 | D:9      | Reached skill level 5 in Unarmed Combat
  7439 | D:9      | Reached skill level 5 in Spellcasting
  7439 | D:9      | Reached skill level 5 in Evocations
  7439 | D:9      | Reached XP level 10. HP: 81/81 MP: 17/17
  7517 | D:9      | Killed an unseen horror
  7596 | D:9      | Found a broken altar of Ashenzari.
  8387 | D:9      | Noticed Psyche
  8406 | D:9      | Killed Psyche
  8479 | D:9      | Found a runed translucent door.
  8479 | D:9      | Noticed a manticore
  8480 | D:9      | Noticed SirDiesAlot's ghost (novice OpSh)
  8758 | D:9      | Killed SirDiesAlot's ghost
  8764 | D:9      | Killed a manticore
  8769 | D:9      | Identified the ring of Linearity {rPois rF+}
  8867 | D:10     | Entered Level 10 of the Dungeon
  8903 | D:10     | Noticed a gargoyle
  8913 | D:10     | Killed a gargoyle
  9060 | D:10     | Reached XP level 11. HP: 87/87 MP: 19/19
  9076 | D:10     | Reached skill level 5 in Conjurations
  9076 | D:10     | Reached skill level 5 in Hexes
  9076 | D:10     | Reached skill level 5 in Summonings
  9076 | D:10     | Reached skill level 5 in Necromancy
  9076 | D:10     | Reached skill level 5 in Translocations
  9076 | D:10     | Reached skill level 5 in Transmutations
  9076 | D:10     | Reached skill level 5 in Fire Magic
  9076 | D:10     | Reached skill level 5 in Ice Magic
  9076 | D:10     | Reached skill level 5 in Air Magic
  9076 | D:10     | Reached skill level 5 in Earth Magic
  9076 | D:10     | Reached skill level 5 in Poison Magic
  9076 | D:10     | Reached skill level 5 in Shapeshifting
  9367 | D:10     | Found an ornate altar of the Wu Jian Council.
  9386 | D:10     | Noticed Josephine
  9399 | D:10     | Killed Josephine
  9537 | D:10     | Found an ancient bone altar of Kikubaaqudgha.
  9565 | D:10     | Noticed a soul eater
  9884 | D:10     | Found a sparkling altar of Nemelex Xobeh.
 10290 | D:11     | Noticed a manticore
 10298 | D:11     | Killed a manticore
 10589 | D:11     | Noticed a manticore
 10599 | D:11     | Killed a manticore
 10614 | D:11     | Found a staircase to the Lair.
 11382 | D:12     | Noticed a cyclops
 11400 | D:12     | Killed a cyclops
 11486 | D:12     | Found a staircase to the Orcish Mines.
 11506 | D:12     | Reached XP level 12. HP: 96/96 MP: 22/22
 11535 | D:12     | Noticed a two-headed ogre
 11547 | D:12     | Killed a two-headed ogre
 11628 | D:12     | Noticed a tengu warrior
 11665 | D:12     | Mangled by a cyan ugly thing

Illustrated notes

Levels and vault maps discovered:
D:1:      heliophobic_arrival_battle_scene, layout_rooms, st_stairs_5
D:2:      layout_loops_cross
D:3:      layout_loops_ring, uniq_terence, uniq_natasha
D:4:      layout_rooms, ebering_ghost_rock_garden
D:5:      layout_basic, minmay_temple_entry_slanted, portal_sewer_entry_b
D:6:      layout_basic, nzn_hepliaklqana_mist_gate
D:7:      layout_rooms, hangedman_ru_absence, nicolae_elyvilon_temple_path,
          serial_shops, shop, chequers_serial_rivers_small_b
D:8:      layout_loops_ring, marbit_many_paths, grunt_gozag_statues
D:9:      layout_basic, ashenzari_altar_1, ebering_ghost_inner_flame,
          uniq_psyche
D:10:     layout_cave_pods, mainiacjoe_overflow_large_starburst,
          nemelex_spade_bored_becter, uniq_josephine
D:11:     layout_gridville, due_lair_maze_entry_diamond
D:12:     layout_cave_pools, orc_0_dummy, minmay_pinched_square, uniq_snorg

Skill      XL: |  1  2  3  4  5  6  7  8  9 10 11 12 |
---------------+-------------------------------------+-----
Invocations    | 1 2 3 4 5 6 7 |  7.8
Short Blades   | 1 2 3 5 6 7 |  7.1
Long Blades    | 1 2 3 5 6 7 |  7.1
Maces & Flails | 1 2 3 5 6 7 |  7.1
Polearms       | 1 2 3 5 6 7 |  7.1
Staves         | 1 2 3 5 6 7 |  7.1
Ranged Weapons | 1 2 3 5 6 7 |  7.1
Throwing       | 1 2 3 5 6 7 |  7.1
Stealth        | 1 2 3 5 6 7 |  7.1
Shields        | 1 2 3 5 6 7 |  7.1
Unarmed Combat | 1 2 3 5 6 7 |  7.1
Spellcasting   | 1 2 3 5 6 7 |  7.1
Evocations     | 1 2 3 5 6 7 |  7.1
Conjurations   | 1 2 3 4 5 |  5.9
Hexes          | 1 2 3 4 5 |  5.9
Summonings     | 1 2 3 4 5 |  5.9
Necromancy     | 1 2 3 4 5 |  5.9
Translocations | 1 2 3 4 5 |  5.9
Transmutations | 1 2 3 4 5 |  5.9
Fire Magic     | 1 2 3 4 5 |  5.9
Ice Magic      | 1 2 3 4 5 |  5.9
Air Magic      | 1 2 3 4 5 |  5.9
Earth Magic    | 1 2 3 4 5 |  5.9
Poison Magic   | 1 2 3 4 5 |  5.9
Shapeshifting  | 1 2 3 4 5 |  5.9
Armour         | 5 6 7 8 |  8.6
Dodging        | 5 6 7 8 |  8.6
Fighting       | 7 8 9 |  9.8
Axes           | 7 8 9 |  9.8

Action                     |  1- 3 |  4- 6 |  7- 9 | 10-12 || total
---------------------------+-------+-------+-------+-------++-------
  Melee: Hand axe          |    89 |   180 |   432 |   325 ||  1026
         Bite              |     5 |    14 |    42 |    38 ||    99
         Punch             |     1 |     2 |    16 |       ||    19
  Throw: Boomerang         |       |       |     4 |       ||     4
         Dart              |       |       |       |     7 ||     7
 Invoke: Berserk           |     2 |     3 |     8 |    10 ||    23
         Trog's Hand       |       |     4 |     1 |     4 ||     9
         Brothers in Arms  |       |       |     1 |     2 ||     3
  Evoke: Wand              |       |       |       |     1 ||     1
    Use: Scroll            |       |       |     9 |    10 ||    19
         Potion            |       |       |     1 |     2 ||     3
   Stab: Sleeping          |     1 |       |       |       ||     1
 Armour: Animal skin       |    15 |     4 |       |       ||    19
         Scale mail        |       |    45 |   135 |       ||   180
         Plate armour      |       |       |    37 |   169 ||   206
  Dodge: Dodged            |    59 |   100 |   239 |   114 ||   512
         Repelled          |       |     1 |       |       ||     1
  Block: Buckler           |       |       |     8 |    95 ||   103

Table legend: (Time is in decaauts)
 A = Elapsed time spent in this place.
 B = Non-inter-level travel time spent in this place.
 C = Inter-level travel time spent in this place.
 D = Time resting spent in this place.
 E = Time spent auto-exploring this place.
 F = Levels seen in this place.
 G = Mean time per level.
                   A        B        C        D        E       F      G
               +--------+--------+--------+--------+--------+-----+--------+
         Total |  11794 |  11264 |    530 |   1229 |   7856 |  13 |  907.2 |
       Dungeon |  11302 |  10772 |    530 |   1018 |   7750 |  12 |  941.8 |
         Sewer |    491 |    491 |      0 |    210 |    105 |   1 |  491.0 |
               +--------+--------+--------+--------+--------+-----+--------+

Top non-repeatable levels by time:
     D:9: 1620 daAuts
    D:10: 1376 daAuts
     D:7: 1296 daAuts
    D:11: 1169 daAuts
     D:8: 1041 daAuts
     D:5: 969 daAuts
     D:3: 945 daAuts
     D:6: 829 daAuts
     D:2: 693 daAuts
     D:1: 622 daAuts
     D:4: 519 daAuts
   Sewer: 491 daAuts
    D:12: 219 daAuts
